 Dungeon Crawl Stone Soup version 0.31-a0-1008-g5b978da (webtiles) character file.

Game seed: 12510491924670880490

812 Partyfoot the Shield-Bearer (level 7, -4/54 HPs)
             Began as a Demonspawn Fighter on Nov 12, 2023.
             Was an Initiate of Okawaru.
             Slain by an ogre
             ... wielding a +0 giant club
              (19 damage)
             ... on level 6 of the Dungeon.
             The game lasted 00:11:20 (4090 turns).

Partyfoot the Shield-Bearer (Demonspawn Fighter)    Turns: 4090, Time: 00:11:21

Health: -4/54      AC: 12    Str: 16    XL:     7   Next: 61%
Magic:  8/8        EV:  4    Int: 14    God:    Okawaru [......]
Gold:   361        SH:  9    Dex: 14    Spells: 6/6 levels left

rFire   + . .        s - +10 short sword of the Tundras {elec, rF+ Str-3 Int+5 Dex+2 Stlth+}
rCold   + . .        c - +0 buckler
rNeg    . . .        n - +0 plate armour
rPois   .            (helmet restricted)
rElec   .            (no cloak)
rCorr   +            (no gloves)
SInv    .            (no boots)
Will    .....        k - amulet of regeneration Stlth
                     m - ring of protection from cold
HPRegen 1.09/turn    t - ring of resist corrosion
MPRegen 0.11/turn

%: no passive effects
@: no status effects
A: antennae 2, large bone plates 1, foul stench 2
a: Renounce Religion


You were on level 6 of the Dungeon.
You worshipped Okawaru.
Okawaru was noncommittal.
You visited 1 branch of the dungeon, and saw 6 of its levels.
You also visited: Sewer.

You collected 361 gold pieces.

Inventory:

Hand Weapons
 a - a +0 flail
 s - the +10 short sword of the Tundras (weapon) {elec, rF+ Str-3 Int+5 Dex+2 Stlth+}
   (You found it on level 3 of the Dungeon)

   Str-3:     It affects your strength (-3).
   Int+5:     It affects your intelligence (+5).
   Dex+2:     It affects your dexterity (+2).
   rF+:       It protects you from fire.
   Stlth+:    It makes you more stealthy.
Armour
 c - a +0 buckler (worn)
 n - a +0 plate armour (worn)
Jewellery
 k - an amulet of regeneration (around neck)
 m - a ring of protection from cold (left hand)
 t - a ring of resist corrosion (right hand)
 v - an amulet of faith
Wands
 r - a wand of polymorph (9)
 F - a wand of mindburst (13)
Scrolls
 b - a scroll of acquirement {unknown}
 h - 2 scrolls of vulnerability {unknown}
 l - a scroll of poison {unknown}
 o - 5 scrolls of identify {unknown}
 w - a scroll of summoning {unknown}
 y - a scroll of enchant weapon {unknown}
 C - a scroll of teleportation {unknown}
 E - a scroll of amnesia {unknown}
Potions
 d - a potion of might
 e - 2 potions of haste {unknown}
 f - a potion of resistance {unknown}
 g - a potion of curing {unknown}
 i - 3 potions of cancellation {unknown}
 j - 4 potions of magic {unknown}
 p - 2 potions of ambrosia {unknown}
 q - a potion of berserk rage {unknown}
 u - a potion of lignification {unknown}
 x - a potion of degeneration {unknown}
 z - a potion of heal wounds {unknown}
 A - a potion of brilliance {unknown}
 B - a potion of enlightenment {unknown}
 D - a potion of invisibility {unknown}


   Skills:
 + Level 4.0 Fighting
 + Level 4.7 Maces & Flails
 + Level 4.6 Armour
 + Level 5.1 Shields
 + Level 1.6 Invocations


You had 6 spell levels left.
You didn't know any spells.
Your spell library contained the following spells:

 Spells                   Type           Power      Damage    Failure   Level
 Apportation              Tloc           0%         N/A       100%        1
 Jinxbite                 Hex            0%         N/A       100%        2
 Dimensional Bullseye     Hex/Tloc       0%         N/A       100%        4
 Iskenderun's Mystic Bla  Conj/Tloc      0%         2d3       100%        4
 Alistair's Intoxication  Tmut/Pois      0%         N/A       100%        5
 Eringya's Noxious Bog    Tmut/Pois      0%         4d6       100%        6
 Tukima's Dance           Hex            Unusable   N/A       N/A         3
 Summon Forest            Summ/Tloc      Unusable   N/A       N/A         5
 Summon Hydra             Summ           Unusable   N/A       N/A         7

Dungeon Overview and Level Annotations

Branches:
Dungeon (6/15)              Sewer (visited)
 Temple: D:4-7

Altars:
Nemelex Xobeh
Okawaru
Sif Muna

Portals:
Abyss: D:3

Annotations:
D:3 2 transporters, ooops's ghost, amateur OpCj


Innate Abilities, Weirdness & Mutations

You have a pair of antennae on your head.
You are partially covered in large bone plates. (SH +4)
You sometimes emit foul miasma when damaged in melee.


Message History

The hound is almost dead.
The hound barely misses you. You block the gnoll's attack.
You puncture the hound!
You kill the hound!
Okawaru accepts your kill. The gnoll hits you but does no damage.
The gnoll hits you with a +0 halberd.
The gnoll hits you from afar with a +0 halberd.
You puncture the gnoll!
The gnoll is almost dead.
You block the gnoll's attack. The gnoll hits you but does no damage.
You hit the gnoll.
You kill the gnoll!
Okawaru accepts your kill.
The gnoll hits you from afar with a +0 halberd!
Your Fighting skill increases to level 4!
You block the gnoll's attack.
Things that are here:
a +0 halberd; a gnoll corpse You hit the gnoll.
The gnoll is moderately wounded.
The gnoll hits you with a +0 halberd.
You barely miss the gnoll.
The gnoll is moderately wounded.
The gnoll hits you with a +0 halberd!
You hit the gnoll but do no damage.
The gnoll is moderately wounded.
The gnoll barely misses you.
You puncture the gnoll!
You kill the gnoll!
Okawaru accepts your kill.
You hit the ogre.
The ogre is moderately wounded.
The ogre hits you with a +0 giant club!!
* * * LOW HITPOINT WARNING * * *
You emit a cloud of foul miasma!
The ogre is engulfed in dark miasma.
The ogre is poisoned.
The ogre attacks as it pursues you!
The ogre hits you with a +0 giant club!!
You die... #.# ... # #.# .. . #.# PPPPP #.###.P~P~P ####### #.?...P~P~P #.....# #..# P~P~P

##.....#####..##.P~P~P
#............@O§.PP.P.
#.......####..##......
#.......## #..# ####...
#....####.#.###..#
#..... #### ##.......#
#.#... #.#####)#####.#
###..... #.......#
#.###.....# # ####....#
#.#.......# .#
####.#####.#.###...#..#


You could see an ogre (poisoned).

Vanquished Creatures
  A water moccasin (D:5)
  Pargi (Sewer)
  2 phantoms
  A jelly (D:5)
  2 hounds (D:6)
  3 orc priests
  Terence (D:3)
  An iguana (D:4)
  An orc wizard (D:3)
  2 gnolls (D:6)
  8 adders
  2 ufetubi (D:4)
  3 worms
  3 dart slugs
  12 orcs
  3 ball pythons
  5 bats
  9 endoplasms
  2 giant cockroaches
  11 goblins
  3 hobgoblins (D:1)
  3 jackals (D:4)
  4 kobolds
  4 quokkas
  8 frilled lizards
  11 rats
106 creatures vanquished.

Notes
Turn   | Place    | Note
-------+----------+-------------------------------------------
     0 | D:1      | Partyfoot the Demonspawn Fighter began the quest for the
                  | Orb.
     0 | D:1      | Reached XP level 1. HP: 18/18 MP: 1/1
   119 | D:1      | Gained mutation: You may rarely emit foul miasma when
                  | damaged in melee. [demonic ancestry]
   119 | D:1      | Reached XP level 2. HP: 24/24 MP: 2/2
   278 | D:1      | Reached skill level 3 in Shields
   613 | D:1      | Gained mutation: You have a pair of small antennae on your
                  | head. [demonic ancestry]
   613 | D:1      | Reached XP level 3. HP: 22/29 MP: 3/3
  1427 | D:2      | Noticed a phantom
  1448 | D:2      | Killed a phantom
  1449 | D:2      | Gained mutation: You are partially covered in large bone
                  | plates. (SH +4) [demonic ancestry]
  1449 | D:2      | Reached XP level 4. HP: 36/36 MP: 4/4
  1685 | D:3      | Gained mutation: You sometimes emit foul miasma when
                  | damaged in melee. [demonic ancestry]
  1685 | D:3      | Reached XP level 5. HP: 40/41 MP: 5/5
  1720 | D:3      | Noticed Terence
  1723 | D:3      | You fall into a shaft and drop 1 floor!
  2060 | D:3      | Killed Terence
  2061 | D:3      | Reached skill level 4 in Shields
  2076 | D:3      | Noticed a small abomination
  2080 | D:3      | Found a one-way gate to the infinite horrors of the Abyss.
  2080 | D:3      | Noticed ooops's ghost (amateur OpCj)
  2093 | D:3      | Found a transporter.
  2102 | D:3      | Identified the +10 short sword of the Tundras {elec, rF+
                  | Str-3 Int+5 Dex+2 Stlth+}
  2138 | D:3      | Gained mutation: You have a pair of antennae on your head.
                  | [demonic ancestry]
  2138 | D:3      | Reached XP level 6. HP: 22/47 MP: 6/6
  2265 | D:3      | Found a transporter.
  2288 | D:3      | Found a shimmering blue altar of Sif Muna.
  2541 | D:4      | Found a sparkling altar of Nemelex Xobeh.
  3189 | D:5      | Entered Level 5 of the Dungeon
  3243 | D:5      | Found a glowing drain.
  3260 | Sewer    | Entered a sewer
  3283 | Sewer    | Noticed Pargi
  3289 | Sewer    | Killed Pargi
  3550 | D:5      | Found an iron altar of Okawaru.
  3557 | D:5      | Became a worshipper of Warmaster Okawaru
  3586 | D:5      | Noticed a water moccasin
  3596 | D:5      | Killed a water moccasin
  3597 | D:5      | Reached XP level 7. HP: 49/52 MP: 7/7
  3701 | D:5      | Reached skill level 5 in Shields
  3701 | D:5      | Reached skill level 1 in Invocations
  4090 | D:6      | Slain by an ogre

Illustrated notes

Levels and vault maps discovered:
D:1:      onia_arrival_pyramid, layout_basic
D:2:      layout_basic
D:3:      layout_rooms, overflow_temple_1_default,
          gammafunk_ghost_abyssal_escape, uniq_terence
D:4:      layout_basic, dreamdust_divine_triumvirate, lemuel_tele_altar,
          grunt_ministairs_11, grunt_decor_junction, kennysheep_another_room,
          small_statue_intersection
D:5:      layout_basic, old_standard_altar, portal_sewer_entry_a
D:6:      layout_loops_ring, dreamdust_gnoll_farm

Skill      XL: |  1  2  3  4  5  6  7 |
---------------+----------------------+-----
Maces & Flails | 2 3 4 |  4.7
Shields        | 3 4 5 |  5.1
Armour         | 3 4 |  4.6
Invocations    | 1 |  1.6
Fighting       | 4 |  4.0

Action                     |  1- 3 |  4- 6 |  7- 9 || total
---------------------------+-------+-------+-------++-------
  Melee: Flail             |   111 |    81 |       ||   192
         Short sword       |       |    90 |    24 ||   114
    Use: Scroll            |       |     3 |       ||     3
 Armour: Scale mail        |    67 |       |       ||    67
         Plate armour      |     4 |   132 |    20 ||   156
  Dodge: Dodged            |    51 |    34 |     6 ||    91
  Block: Buckler           |    28 |    79 |     8 ||   115

Table legend: (Time is in decaauts)
 A = Elapsed time spent in this place.
 B = Non-inter-level travel time spent in this place.
 C = Inter-level travel time spent in this place.
 D = Time resting spent in this place.
 E = Time spent auto-exploring this place.
 F = Levels seen in this place.
 G = Mean time per level.
                   A        B        C        D        E       F      G
               +--------+--------+--------+--------+--------+-----+--------+
         Total |   4167 |   3926 |    241 |     82 |   2986 |   7 |  595.3 |
       Dungeon |   4053 |   3812 |    241 |     77 |   2934 |   6 |  675.5 |
         Sewer |    113 |    113 |      0 |      5 |     51 |   1 |  113.0 |
               +--------+--------+--------+--------+--------+-----+--------+

Top non-repeatable levels by time:
     D:4: 1116 daAuts
     D:1: 881 daAuts
     D:2: 829 daAuts
     D:5: 737 daAuts
     D:3: 421 daAuts
   Sewer: 113 daAuts
     D:6: 66 daAuts
